 Dungeon Crawl Stone Soup version 0.31-a0-435-g2c6fae2916 (webtiles) character file.

Game seed: 8201372021151256838

1561 Flugkiller the Changeling (level 8, -2/52 HPs)
             Began as a Deep Elf Shapeshifter on Aug 1, 2023.
             Was a Plaything of Xom.
             Slain by Edmund
             ... wielding a +1 dire flail of holy wrath
              (9 damage)
             ... on level 5 of the Dungeon.
             The game lasted 00:06:45 (5765 turns).

Flugkiller the Changeling (Deep Elf Shapeshifter)   Turns: 5765, Time: 00:06:45

Health: -2/52      AC: 10    Str: 12      XL:     8   Next: 58%
Magic:  10/10      EV: 10    Int: 11 (14) God:    Xom [......]
Gold:   325        SH:  0    Dex: 17      Spells: 7/7 levels left

rFire   . .          .
                       - Unarmed
rCold   . . .        (no shield)
rNeg    . . .        a - +2 chain mail {rPois}
rPois   +            (helmet currently unavailable)
rElec   .            (cloak currently unavailable)
rCorr   .            (gloves currently unavailable)
SInv    .            (boots currently unavailable)
Will    .....        (no amulet) Stlth
                     (no ring)
HPRegen 0.28/turn    (no ring)
MPRegen 0.12/turn

%: no passive effects
@: mighty, beast-form
A: beast (slay +5), antennae 1, robust 1, sturdy frame 1
a: Begin Untransformation, Renounce Religion


You were on level 5 of the Dungeon.
You worshipped Xom.
You were a very special plaything of Xom.
You were a hulking beast.
You visited 1 branch of the dungeon, and saw 6 of its levels.

You collected 325 gold pieces.

Inventory:

Hand Weapons
 l - a +2 long sword of holy wrath
   (You found it on level 4 of the Dungeon)
Armour
 a - a +2 chain mail of poison resistance (worn)
   (You found it on level 4 of the Dungeon)
 b - a +0 pair of gloves
   (You found it on level 5 of the Dungeon)
 f - a +0 cloak
   (You found it on level 4 of the Dungeon)
 j - a +0 ring mail
   (You found it on level 3 of the Dungeon)
Talismans
 c - a beast talisman (active)
Scrolls
 e - 2 scrolls of immolation
 h - a scroll of amnesia
 i - 2 scrolls of enchant weapon
 m - a scroll of vulnerability
Potions
 g - a potion of brilliance {unknown}
 k - a potion of haste {unknown}
 q - a potion of curing


   Skills:
 + Level 4.0 Fighting
 + Level 6.2 Dodging
 + Level 4.6 Unarmed Combat
 * Level 7.1 Shapeshifting


You had 7 spell levels left.
You didn't know any spells.
Your spell library contained the following spells:

 Spells                   Type           Power      Damage    Failure   Level
 Apportation              Tloc           0%         N/A       99%         1
 Magic Dart               Conj           0%         1d3       99%         1
 Necrotise                Necr           0%         1d4       99%         1
 Summon Small Mammal      Summ           0%         N/A       99%         1
 Searing Ray              Conj           0%         2d4       99%         2
 Fulminant Prism          Conj/Hex       0%         3d5       100%        4


Dungeon Overview and Level Annotations

Branches:
Dungeon (6/15) Zot: 26441  Temple (0/1) D:5

Altars:
Elyvilon
Fedhas
Hepliaklqana
Okawaru
Sif Muna
Xom
Zin
The Shining One

Annotations:
D:5 Edmund


Innate Abilities, Weirdness & Mutations

You are a hulking beast.
Your limbs bulge with bestial killing power. (Slay +5)
You have a pair of small antennae on your head.
You are robust. (+10% HP)
Your movements are slightly less encumbered by armour. (ER -2)


Message History

The ufetubus attacks as you move away!
The ufetubus hits you but does no damage.
The ufetubus barely misses you. The ufetubus attacks as you move away!
The ufetubus hits you but does no damage. x2
The ufetubus barely misses you. x2
The ufetubus attacks as you move away!
The ufetubus hits you. x2 "Heh heh heh..."
You are confused.
The ufetubus looks rather confused.
The ufetubus attacks as you move away!
The ufetubus hits you but does no damage. x3
The ufetubus misses you.
The ufetubus disappears in a puff of smoke!
The ogre hits you with a +2 giant club of chaos!
* * * LOW HITPOINT WARNING * * *
You feel better. The ufetubus misses you. The ufetubus closely misses you.
The ogre barely misses you.
The ufetubus disappears in a puff of smoke!
The ogre attacks as you move away! The ogre barely misses you.
The ogre attacks as you move away!
The ogre hits you with a +2 giant club of chaos!
* * * LOW HITPOINT WARNING * * *
You feel protected.
Xom is highly amused!
Xom almost notices you.
Nothing appears to happen...
Ominous!
There is a stone staircase leading up, spattered with blood here.
You climb upwards.
There is a stone staircase leading down here.
You start resting.
You start to feel less resistant.
You start resting.
Your resistance to elements expires.
You start resting.
HP restored.
Things that are here:
a +0 leather armour; a +0 dagger
There is a stone staircase leading down here.
You see here a +0 dagger.
You climb downwards.
There is a stone staircase leading up here.
You see here a +0 flail.
An ogre is nearby!
The ogre closely misses you.
You hit the ogre. Your punch misses the ogre.
The ogre is moderately wounded.
You punch the ogre!
The ogre is heavily wounded.
The ogre hits you with a +2 giant club of chaos!!
You punch the ogre!
The ogre is severely wounded.
You hit the ogre.
The ogre is almost dead.
The ogre hits you with a +2 giant club of chaos!
The ogre burns you.
* * * LOW HITPOINT WARNING * * *
You are too injured to fight recklessly!
You punch the ogre!
You kill the ogre!
Your Fighting skill increases to level 4!
Unknown command.
Things that are here:
a +2 giant club of chaos; an ogre corpse You start resting.
HP restored.
Done exploring.
Done exploring.
(D) Dungeon (T) Temple
Where to? (Enter - D:5 @ (x,y), ? - help)
There is a stone staircase leading down, spattered with blood here.
You see here a +0 giant spiked club.
You climb downwards.
Level annotation: Edmund Edmund hits you with a +1 dire flail of holy wrath.
The basilisk bites you.
Edmund zaps a wand.
The puff of flame hits you! The basilisk closely misses you.
There is a stone staircase leading up, spattered with blood here.
You feel very mighty all of a sudden. Edmund hits you but does no damage.
The basilisk barely misses you.
You punch the basilisk!
The basilisk is moderately wounded.
You punch the basilisk!
The basilisk is severely wounded.
Edmund hits you with a +1 dire flail of holy wrath!
The basilisk bites you.
* * * LOW HITPOINT WARNING * * *
You punch the basilisk!
The basilisk is almost dead. "Get over here!"
Edmund blinks!
The basilisk blinks!
Edmund hits you with a +1 dire flail of holy wrath!
* * * LOW HITPOINT WARNING * * *
You climb upwards.
There is a stone staircase leading down, spattered with blood here.
You see here a +0 giant spiked club.
You punch Edmund!
Edmund is moderately wounded.
Edmund hits you with a +1 dire flail of holy wrath!
You die...
Xom thinks this is hilarious!

###..###........# #.....
#.....#.......#########5....
####.....#.............3....
##....#.......###########
##...........# #########
###.........#
........######........#
...............@.....### ########
.....≈≈≈≈≈......h......###.......
...≈≈≈≈≈≈≈≈≈.....÷.........######
.≈≈≈≈≈≈≈≈≈≈≈≈≈..........####
≈≈≈≈≈≈≈≈≈≈≈≈≈≈≈........##
≈≈≈≈≈≈...≈≈≈≈≈≈.#.##....### #
≈≈≈≈≈≈.>.≈≈≈≈≈≈...........# ##
≈≈≈≈≈~...≈≈≈≈≈≈.#..###.##.######.
.≈≈≈~~≈≈≈≈≈≈≈≈..............)....
...~≈≈≈≈≈≈≈≈...........##......##


You could see Edmund.

Vanquished Creatures
  Grinder (D:4)
  Menkaure (D:5)
  A water moccasin (D:5)
  Duvessa (D:4)
  A black bear (D:5)
  An ice beast (D:5)
  An ogre (D:5)
  Dowan (D:4)
  A howler monkey (D:4)
  A jelly (D:4)
  4 orc priests
  3 iguanas
  An orc wizard (D:5)
  5 adders
  A river rat (D:4)
  A shadow imp (D:3)
  A worm (D:3)
  4 dart slugs
  13 orcs
  3 bats
  8 endoplasms
  17 giant cockroaches
  7 goblins
  4 hobgoblins
  5 jackals (D:2)
  4 quokkas
  3 ball pythons
  4 frilled lizards
  3 kobolds
  A rat (D:3)
102 creatures vanquished.

Vanquished Creatures (collateral kills)
  A black bear (D:5)
  An ogre (D:5)
  An orc priest (D:5)
  2 orc wizards (D:5)
  An adder (D:5)
  3 orcs (D:5)
9 creatures vanquished.

Grand Total: 111 creatures vanquished

Notes
Turn   | Place    | Note
-------+----------+-------------------------------------------
     0 | D:1      | Flugkiller the Deep Elf Shapeshifter began the quest for
                  | the Orb.
     0 | D:1      | Reached XP level 1. HP: 11/11 MP: 3/3
   225 | D:1      | Reached skill level 1 in Fighting
   225 | D:1      | Reached XP level 2. HP: 16/16 MP: 4/4
   801 | D:2      | Reached XP level 3. HP: 20/20 MP: 5/5
  1373 | D:3      | Found a shimmering altar of Xom.
  1397 | D:3      | Reached skill level 4 in Shapeshifting
  1407 | D:3      | Became a worshipper of Xom the Elder Chaos God
  1437 | D:3      | XOM: silly message
  1537 | D:3      | Found a white marble altar of Elyvilon.
  1537 | D:3      | Found a glowing golden altar of the Shining One.
  1538 | D:3      | Found a glowing silver altar of Zin.
  1589 | D:3      | Reached XP level 4. HP: 25/25 MP: 6/6
  2007 | D:3      | XOM: silly message
  2082 | D:3      | XOM: divination: detect items
  2261 | D:3      | Found a faded altar of an unknown god.
  2329 | D:3      | Reached XP level 5. HP: 30/30 MP: 7/7
  2337 | D:3      | XOM: destruction
  2666 | D:4      | Noticed Grinder
  2730 | D:4      | XOM: enchant monster (bad)
  2907 | D:4      | XOM: polymorph adder -> river rat
  2931 | D:4      | XOM: summons 3 hostile demons
  2936 | D:4      | XOM: potion effect (berserk rage)
  2940 | D:4      | XOM: divination: detect items
  2943 | D:4      | Killed Grinder
  2944 | D:4      | Reached skill level 5 in Shapeshifting
  2944 | D:4      | Reached XP level 6. HP: 32/36 MP: 8/8
  3023 | D:4      | Found an iron altar of Okawaru.
  3023 | D:4      | Found a shimmering blue altar of Sif Muna.
  3027 | D:4      | Found a blossoming altar of Fedhas.
  3353 | D:4      | Noticed Duvessa
  3353 | D:4      | Noticed Dowan
  3365 | D:4      | Killed Duvessa
  3366 | D:4      | Reached XP level 7. HP: 28/40 MP: 9/9
  3379 | D:4      | Killed Dowan
  3608 | D:4      | Found a hazy altar of Hepliaklqana.
  3661 | D:4      | XOM: god gift: book of Conjurations
  3787 | D:5      | Entered Level 5 of the Dungeon
  3846 | D:5      | Noticed Menkaure
  3926 | D:5      | Killed Menkaure
  3927 | D:5      | Reached skill level 5 in Dodging
  3927 | D:5      | Reached skill level 6 in Shapeshifting
  4009 | D:5      | Found a staircase to the Ecumenical Temple.
  4110 | D:5      | Reached XP level 8. HP: 41/46 MP: 10/10
  4201 | D:5      | XOM: scenery: summon butterflies
  4213 | D:5      | XOM: summons 2 friendly demons
  4225 | D:5      | XOM: summons friendly ufetubus
  4496 | D:4      | XOM: give mutations
  4496 | D:4      | Gained mutation: You have a pair of small antennae on your
                  | head. [Xom's grace]
  4496 | D:4      | Gained mutation: Your movements are slightly less
                  | encumbered by armour. (ER -2) [Xom's grace]
  4496 | D:4      | Gained mutation: You are robust. (+10% HP) [Xom's grace]
  4508 | D:4      | XOM: summons 1 hostile demon
  4926 | D:5      | XOM: butterfly on damage
  5089 | D:5      | XOM: summons 4 hostile demons
  5090 | D:5      | Noticed a red devil
  5090 | D:5      | Noticed a smoke demon
  5222 | D:6      | Noticed Edmund
  5235 | D:6      | XOM: polymorph bullfrog -> basilisk
  5243 | D:5      | XOM: blink monster(s)
  5252 | D:5      | XOM: smoke on damage
  5257 | D:5      | Reached skill level 7 in Shapeshifting
  5342 | D:5      | XOM: summons 5 hostile demons
  5374 | D:5      | XOM: swap monsters
  5374 | D:5      | XOM: smoke on damage
  5375 | D:5      | XOM: chaos upgrade
  5380 | D:5      | XOM: confusion (+ monsters)
  5393 | D:5      | XOM: silly message
  5762 | D:6      | XOM: blink monster(s)
  5765 | D:5      | Slain by Edmund

Illustrated notes

Levels and vault maps discovered:
D:1:      kennysheep_arrival_forest, layout_loops_cross
D:2:      layout_rooms, st_stairs_13
D:3:      minmay_roachtagon, layout_loops_ring, good_gods_mini_temple,
          mainiacjoe_overflow_paths, dilly_ecumenical_altar_fadedgnrine,
          hex_large
D:4:      layout_basic, nzn_hepliaklqana_mist_gate,
          nicolae_overflow_hidden_temple, dreamdust_wishing_well, uniq_duvessa,
          uniq_grinder
D:5:      layout_rooms, temple_pool_b, uniq_menkaure
D:6:      layout_cave_pools, kennysheep_mini, uniq_edmund

Skill      XL: |  1  2  3  4  5  6  7  8 |
---------------+-------------------------+-----
Fighting       | 1 2 3 4 |  4.0
Dodging        | 3 4 5 6 |  6.2
Shapeshifting  | 4 5 6 7 |  7.1
Unarmed Combat | 3 4 |  4.6

Action                     |  1- 3 |  4- 6 |  7- 9 || total
---------------------------+-------+-------+-------++-------
  Melee: Unarmed           |    97 |   196 |   105 ||   398
         Punch             |     4 |     7 |     4 ||    15
    Use: Scroll            |     4 |     5 |     3 ||    12
         Potion            |     1 |     4 |     3 ||     8
   Stab: Sleeping          |     2 |       |       ||     2
         Invisible         |       |     5 |       ||     5
 Armour: Animal skin       |    14 |       |       ||    14
         Ring mail         |       |    25 |       ||    25
         Skin              |       |    11 |       ||    11
         Chain mail        |       |    33 |   104 ||   137
  Dodge: Dodged            |    57 |    73 |    80 ||   210

Table legend: (Time is in decaauts)
 A = Elapsed time spent in this place.
 B = Non-inter-level travel time spent in this place.
 C = Inter-level travel time spent in this place.
 D = Time resting spent in this place.
 E = Time spent auto-exploring this place.
 F = Levels seen in this place.
 G = Mean time per level.
                   A        B        C        D        E       F      G
               +--------+--------+--------+--------+--------+-----+--------+
         Total |   5752 |   5305 |    447 |   1351 |   2774 |   6 |  958.7 |
       Dungeon |   5752 |   5305 |    447 |   1351 |   2774 |   6 |  958.7 |
               +--------+--------+--------+--------+--------+-----+--------+

Top non-repeatable levels by time:
     D:4: 1982 daAuts
     D:5: 1295 daAuts
     D:3: 1126 daAuts
     D:1: 696 daAuts
     D:2: 611 daAuts
     D:6: 39 daAuts
